 Dungeon Crawl Stone Soup version 0.30.1-11-g7821555f0a (webtiles) character file.

Game seed: 14222606018409800165

327 Jynx the Cudgeller (level 6, -6/57 HPs)
             Began as a Minotaur Fighter on Jan 9, 2024.
             Mangled by a gnoll sergeant
             ... wielding a +0 trident
              (10 damage)
             ... on level 4 of the Dungeon.
             The game lasted 00:07:43 (2881 turns).

Jynx the Cudgeller (Minotaur Fighter)               Turns: 2881, Time: 00:07:44

Health: -6/57      AC: 11    Str: 20    XL:     6   Next: 24%
Magic:  5/5        EV:  8    Int:  5    God:
Gold:   266        SH:  5    Dex: 12    Spells: 5/5 levels left

rFire   . . .        a - +0 flail
rCold   . . .        (no shield)
rNeg    . . .        o - +0 chain mail
rPois   .            (helmet restricted)
rElec   .            u - +0 cloak
rCorr   .            k - +0 pair of gloves
SInv    .            (no boots)
Will    .....        e - amulet of reflection Stlth
                     (no ring)
HPRegen 0.29/turn    (no ring)
MPRegen 0.09/turn

%: reflection
@: mighty
A: horns 2, retaliatory headbutt
a: no special abilities


You were on level 4 of the Dungeon.
You visited 1 branch of the dungeon, and saw 4 of its levels.
You also visited: Sewer.

You collected 266 gold pieces.

Inventory:

Hand Weapons
 a - a +0 flail (weapon)
Armour
 k - a +0 pair of gloves (worn)
 o - a +0 chain mail (worn)
 s - a scarf of harm
 u - a +0 cloak (worn)
Jewellery
 e - an amulet of reflection (around neck)
 g - an amulet of faith
Scrolls
 f - a scroll of enchant armour {unknown}
 h - a scroll of fear {unknown}
 i - 3 scrolls of identify {unknown}
 m - a scroll of vulnerability {unknown}
 p - a scroll of poison {unknown}
 q - a scroll of brand weapon {unknown}
 r - 5 scrolls of teleportation {unknown}
Potions
 b - 6 potions of flight
 c - a potion of cancellation {unknown}
 j - a potion of lignification {unknown}
 l - a potion of curing {unknown}
 n - a potion of magic {unknown}
 t - a potion of haste {unknown}


   Skills:
 + Level 5.6 Fighting
 * Level 6.7 Maces & Flails
 - Level 3.6 Armour
 - Level 3.6 Shields


You had 5 spell levels left.
You didn't know any spells.
Your spell library contained the following spells:

 Spells                   Type           Power      Damage    Failure   Level
 Poisonous Vapours        Pois/Air       0%         N/A       99%         2
 Ignite Poison            Fire/Tmut/Pois 0%         N/A       100%        3
 Mephitic Cloud           Conj/Pois/Air  0%         N/A       100%        3
 Sticky Flame             Conj/Fire      0%         2d3       100%        4
 Freezing Cloud           Conj/Ice/Air   0%         6-21      100%        5
 Ignition                 Fire           0%         3d3       100%        8


Dungeon Overview and Level Annotations

Branches:
Dungeon (4/15)              Sewer (visited)
 Temple: D:4-7

Altars:
Dithmenos


Innate Abilities, Weirdness & Mutations

You have a pair of horns on your head.
You reflexively headbutt those who attack you in melee.


Message History

A gnoll sergeant and 2 gnolls come into view.
A gnoll is wielding a +2 flail of protection.
The gnoll sergeant shouts!
The gnoll shouts! x2
A gnoll comes into view. It is wielding a +0 flail.
You feel very mighty all of a sudden.
The gnoll hits you with a +2 flail of protection!
You hit the gnoll.
The gnoll is moderately wounded.
The gnoll hits you with a +2 flail of protection.
You closely miss the gnoll. Your headbutt misses the gnoll.
The gnoll is moderately wounded.
The gnoll hits you with a +2 flail of protection.
You closely miss the gnoll.
The gnoll is moderately wounded.
The gnoll hits you with a +2 flail of protection!
You thump the gnoll!
You kill the gnoll!
You closely miss the gnoll. Your headbutt misses the gnoll.
The gnoll hits you with a +0 flail!
The gnoll sergeant hits you from afar with a +0 trident.
You are too injured to fight recklessly!
You are too injured to fight recklessly!
You are too injured to fight recklessly!
You closely miss the gnoll. You headbutt the gnoll!
The gnoll is almost dead.
The gnoll hits you with a +0 flail.
* * * LOW HITPOINT WARNING * * *
The gnoll sergeant hits you from afar with a +0 trident!
* * * LOW HITPOINT WARNING * * *
You sock the gnoll!
You kill the gnoll!
The gnoll sergeant hits you from afar with a +0 trident.
* * * LOW HITPOINT WARNING * * *
Okay, then.
The gnoll sergeant hits you but does no damage.
Items here: )) ††.
You hit the gnoll sergeant.
The gnoll sergeant is lightly wounded.
The gnoll sergeant hits you with a +0 trident!
You die...

#.###### #.##...
#.##g. #.##g#
#.##@# #.##.# #
#####.##.##.##.
#...............
#######.##>.......
#.................
#######.##.##.##..
#######......... .
#.....<.##.##.##.


You could see a gnoll sergeant and a gnoll.

Vanquished Creatures
  Crazy Yiuf (D:3)
  5 gnolls
  11 adders
  6 river rats (Sewer)
  6 dart slugs
  2 worms (Sewer)
  2 orcs (D:3)
  5 ball pythons
  10 bats
  11 endoplasms
  5 giant cockroaches
  3 goblins
  4 hobgoblins
  3 jackals (Sewer)
  2 quokkas
  3 frilled lizards
  6 kobolds
  2 rats (D:1)
87 creatures vanquished.

Notes
Turn   | Place    | Note
-------+----------+-------------------------------------------
     0 | D:1      | Jynx the Minotaur Fighter began the quest for the Orb.
     0 | D:1      | Reached XP level 1. HP: 19/19 MP: 0/0
   450 | D:1      | Reached skill level 3 in Maces & Flails
   453 | D:1      | Reached XP level 2. HP: 27/27 MP: 1/1
   606 | D:2      | Reached XP level 3. HP: 12/33 MP: 2/2
   607 | D:2      | Reached skill level 4 in Maces & Flails
   834 | D:2      | Found a shadowy altar of Dithmenos.
  1062 | D:3      | Reached XP level 4. HP: 36/41 MP: 3/3
  1151 | D:3      | Found a glowing drain.
  1163 | Sewer    | Entered a sewer
  1205 | Sewer    | Reached skill level 5 in Maces & Flails
  1356 | Sewer    | Reached XP level 5. HP: 41/47 MP: 4/4
  1405 | Sewer    | Reached skill level 5 in Fighting
  1456 | Sewer    | Reached skill level 6 in Maces & Flails
  2265 | D:3      | Found a faded altar of an unknown god.
  2317 | D:3      | Reached XP level 6. HP: 56/56 MP: 5/5
  2593 | D:3      | Found a runed translucent door.
  2594 | D:3      | Noticed Crazy Yiuf
  2601 | D:3      | Killed Crazy Yiuf
  2881 | D:4      | Mangled by a gnoll sergeant

Illustrated notes

Levels and vault maps discovered:
D:1:      minmay_arrival_four_houses, layout_basic
D:2:      layout_rooms, basic_altar
D:3:      layout_loops_cross, portal_sewer_entry_d,
          shapermc_ecumenical_altar_notcrosses, uniq_crazy_yiuf_cottage
D:4:      kennysheep_spiral_hall, layout_basic, gammafunk_temple_overflow_pools,
          temple_doors_e, uniq_menkaure, uniq_pargi, uniq_edmund, uniq_grinder

Skill      XL: |  1  2  3  4  5 |
---------------+----------------+-----
Maces & Flails | 3 4 5 6 |  6.7
Fighting       | 4 5 |  5.6
Armour         | |  3.6
Shields        | |  3.6

Action                     |  1- 3 |  4- 6 || total
---------------------------+-------+-------++-------
  Melee: Flail             |    58 |   140 ||   198
         Headbutt          |     8 |    17 ||    25
         Punch             |     1 |       ||     1
    Use: Potion            |       |     1 ||     1
 Armour: Scale mail        |    30 |       ||    30
         Chain mail        |       |    87 ||    87
  Dodge: Dodged            |    29 |    57 ||    86
  Block: Other             |    18 |    28 ||    46
         Reflection        |       |     1 ||     1
